 Dungeon Crawl Stone Soup version 0.31-a0-237-g2d982f9f85 (webtiles) character file.

Game seed: 938643644403599990

23 qw the Shooter (level 2, -2/24 HPs)
             Began as a Minotaur Hexslinger on July 11, 2023.
             Slain by a worm (4 damage)
             ... on level 2 of the Dungeon.
             The game lasted 00:00:16 (882 turns).

qw the Shooter (Minotaur Hexslinger)                 Turns: 882, Time: 00:00:17

Health: -2/24      AC:  3    Str: 12    XL:     2   Next: 72%
Magic:  2/2        EV: 11    Int: 10    God:
Gold:   45         SH:  0    Dex: 12    Spells: 2/3 levels left

rFire   . . .        Y - +1 sling
rCold   . . .        (no shield)
rNeg    . . .        e - +0 leather armour
rPois   .            (helmet restricted)
rElec   .            (no cloak)
rCorr   .            (no gloves)
SInv    .            (no boots)
Will    +....        (no amulet)
Stlth   +            g - ring of willpower
HPRegen 0.24/turn    (no ring)
MPRegen 0.08/turn

%: no passive effects
@: no status effects
A: horns 2, retaliatory headbutt
a: no special abilities


You were on level 2 of the Dungeon.
You visited 1 branch of the dungeon, and saw 2 of its levels.

You collected 45 gold pieces.


Innate Abilities, Weirdness & Mutations

You have a pair of horns on your head.
You reflexively headbutt those who attack you in melee.


   Skills:
 - Level 2.0 Fighting
 + Level 3.3 Ranged Weapons
 - Level 2.1 Dodging
 - Level 1.0 Spellcasting
 - Level 2.0 Hexes


You had 2 spell levels left.
You knew the following spells:

 Your Spells              Type           Power      Damage    Failure   Level
a - Slow                  Hex            16%        N/A       19%         1

Your spell library contained the following spells:

 Spells                   Type           Power      Damage    Failure   Level
 Inner Flame              Hex/Fire       2%         N/A       65%         3
 Portal Projectile        Hex/Tloc       4%         N/A       65%         3
 Cause Fear               Hex            2%         N/A       88%         4

Inventory:

Hand Weapons
 Y - a +1 sling (weapon)
Armour
 e - a +0 leather armour (worn)
Jewellery
 g - a ring of willpower (left hand)
Potions
 a - a potion of curing {unknown}
 f - a potion of cancellation {unknown}

Dungeon Overview and Level Annotations

Branches:
Dungeon (2/15)

Altars:

Shops:
D:1 :


Message History

You kill the rat!
You now have 45 gold pieces (gained 9).
A worm comes into view.
Enter note: You shoot a sling bullet.
The sling bullet barely misses the worm.
A bat comes into view.
The bat barely misses you.
You shoot a sling bullet.
The sling bullet closely misses the bat.
The bat closely misses you. The bat hits you.
You shoot a sling bullet. The sling bullet barely misses the bat.
The bat closely misses you. The bat hits you but does no damage. x2
You shoot a sling bullet. The sling bullet hits the bat!
You kill the bat!
The worm closely misses you.
You shoot a sling bullet. The sling bullet hits the worm.
The worm is lightly wounded.
The worm bites you!
You shoot a sling bullet. The sling bullet hits the worm.
The worm is lightly wounded.
You shoot a sling bullet. The sling bullet hits the worm.
The worm is moderately wounded.
The worm closely misses you.
You shoot a sling bullet. The sling bullet hits the worm.
The worm is moderately wounded.
The worm bites you but does no damage.
You shoot a sling bullet.
The sling bullet hits the worm but does no damage.
The worm is moderately wounded.
The worm bites you!
You shoot a sling bullet. The sling bullet hits the worm.
The worm is heavily wounded.
You shoot a sling bullet.
The sling bullet barely misses the worm.
The worm bites you.
You shoot a sling bullet. The sling bullet hits the worm.
The worm is heavily wounded.
The worm bites you.
You die...

.......#.......#...
........###........
.......##......#...
......###.#.##.# .
.....## #...##.#
..#### #..###.# ..#
#..###.# ##. #.#
#......####...?.
..# ##.####.@...#
### #.......w..#
.### ######.##..#
...####### #.# ..#
.#........ #.# .#
.########. #.# .#
## #.. # # ### #
#.#


You could see a worm.

Vanquished Creatures
  3 endoplasms
  A giant cockroach (D:1)
  2 hobgoblins
  A quokka (D:1)
  6 ball pythons (D:1)
  2 bats
  2 frilled lizards (D:1)
  2 goblins
  2 kobolds (D:1)
  2 rats
23 creatures vanquished.

Notes
Turn   | Place    | Note
-------+----------+-------------------------------------------
     0 | D:1      | qw the Minotaur Hexslinger began the quest for the Orb.
     0 | D:1      | Reached XP level 1. HP: 16/16 MP: 1/1
     0 | D:1      | 0 ||| qw: Version: 0.3-a-52-g30416fa
     0 | D:1      | 0 ||| qw: Game counter: 5427
     0 | D:1      | 0 ||| qw: Melee chars always use a shield: true
     0 | D:1      | 0 ||| qw: God list: Okawaru
     0 | D:1      | 0 ||| qw: Allow faded altars: false
     0 | D:1      | 0 ||| qw: Do Orc after clearing Dungeon:15 true
     0 | D:1      | 0 ||| qw: Do second Lair branch before Depths: true
     0 | D:1      | 0 ||| qw: Lair rune preference: random
     0 | D:1      | 0 ||| qw: Goals: Normal
     0 | D:1      | 0 ||| PLANNING D:1-11
   194 | D:1      | Found Ocowof's Book Shop.
   214 | D:1      | Reached skill level 3 in Ranged Weapons
   254 | D:1      | Reached XP level 2. HP: 23/23 MP: 2/2
   703 | D:1      | 703 ||| UPGRADING to +0 leather armour.
   713 | D:1      | 713 ||| DROPPING +0 robe.
   714 | D:1      | 714 ||| UPGRADING to ring of willpower.
   715 | D:1      | 715 ||| READING scroll labelled XOABBAFI ZOXA.
   716 | D:1      | 716 ||| DROPPING scroll of poison.
   879 | D:2      | HP: 6/24 [worm (8)]
   881 | D:2      | HP: 2/24 [worm (5)]
   882 | D:2      | Slain by a worm

Levels and vault maps discovered:
D:1:      shiori_arrival_maze, layout_loops_ring, serial_shops, shop
D:2:      layout_loops_cross, shapermc_ecumenical_altar_mp_urbaneastern

Skill      XL: |  1  2 |
---------------+-------+-----
Ranged Weapons | 3 |  3.3
Fighting       | 2 |  2.0
Dodging        | |  2.1
Spellcasting   | |  1.0
Hexes          | |  2.0

Action                     || total
---------------------------++-------
   Fire: Sling             ||    68
    Use: Scroll            ||     1
 Armour: Robe              ||     2
         Leather armour    ||     3
  Dodge: Dodged            ||    20

Table legend:
 A = Non-vault XP
 B = Vault XP
 C = Vault XP percentage of total XP
 D = Non-vault monster count
 E = Vault monster count
 F = Vault count percentage of total count
                 A         B        C        D         E       F
            +---------+---------+-------+---------+---------+-------
      Total |      30 |       3 |   9.1 |      21 |       2 |   8.7
            +---------+---------+-------+---------+---------+-------
        D:1 |      21 |       3 |  12.5 |      16 |       2 |  11.1
        D:2 |       9 |       0 |   0.0 |       5 |       0 |   0.0
            +---------+---------+-------+---------+---------+-------
